Match 45244513
Unlisted

Match 45244513
End
Construct Barracks
Selects Special Operations Battlegroup
Riflemen Squad
Riflemen Squad
Selects M29 Weasel Recon Vehicle
Riflemen Squad
Grenade Package
Infantry Support Center
M1 Mortar Team
Selects Smoke Screen
Construct Weapon Support Center
M3 Armored Personnel Carrier
Construct Motor Pool
M1918 Browning Automatic Rifles
Smoke Screen
M8 Greyhound Armored Car
Engineer Squad
Selects P-47 Anti-Infantry Loiter
P-47 Anti-Infantry Loiter
P-47 Anti-Infantry Loiter
Smoke Screen
P-47 Anti-Infantry Loiter
Construct Tank Depot
Selects UNKNOWN (2162291)
Selects SSF Commando Squad
Selects Assault Operation
P-47 Anti-Infantry Loiter
Smoke Screen
M4A1 Sherman Medium Tank
SandiPon
rain
Crimson
ssacharov
Rhodesian Commando
Haja
DutchCourage
max10r
0
0

Comments sign in to comment!

No comments posted yet!